 Dungeon Crawl Stone Soup version 0.23.0-3-gf3c87f2 (webtiles) character file.

Game seed: 15599623533227102467

334 Kairos the Shield-Bearer (level 6, -1/50 HPs)
             Began as a Formicid Fighter on Feb 24, 2019.
             Was a Believer of Okawaru.
             Slain by Menkaure (16 damage)
             ... on level 4 of the Dungeon.
             The game lasted 00:06:48 (2894 turns).

Kairos the Shield-Bearer (Formicid Fighter)         Turns: 2894, Time: 00:06:48

Health: -1/50      AC:  8    Str: 23    XL:     6   Next: 83%
Magic:  6/6        EV:  9    Int: 13    God:    Okawaru [**....]
Gold:   147        SH: 10    Dex: 10    Spells: 4/5 levels left

rFire    . . .     SeeInvis +   a - +1 flail
rCold    . . .     Gourm    .   c - +0 shield
rNeg     . . .     Faith    .   b - +0 scale mail
rPois    .         Spirit   .   (helmet unavailable)
rElec    .         Reflect  .   (no cloak)
rCorr    .         Harm     .   (no gloves)
MR       .....                  m - +0 pair of boots
Stlth    ..........             (no amulet)
HPRegen  0.16/turn              t - ring of attention
MPRegen  0.10/turn              s - +6 ring of intelligence

@: no status effects
A: permanent stasis, dig shafts and tunnels, four strong arms, antennae 3
a: Dig, Shaft Self, Heroism, Renounce Religion


You were on level 4 of the Dungeon.
You worshipped Okawaru.
Okawaru was pleased with you.
You were hungry.

You visited 1 branch of the dungeon, and saw 4 of its levels.

You collected 147 gold pieces.

Inventory:

Hand Weapons
 a - a +1 flail (weapon)
 k - a +0 hunting sling
Missiles
 e - a tomahawk (quivered)
 l - 117 stones
 o - 5 javelins
Armour
 b - a +0 scale mail (worn)
 c - a +0 shield (worn)
 m - a +0 pair of boots (worn)
Jewellery
 s - a +6 ring of intelligence (right hand)
 t - a ring of attention (left hand)
Scrolls
 g - a scroll of noise
 h - 2 scrolls of enchant armour {unknown}
 j - 3 scrolls of teleportation
 n - a scroll of remove curse
 r - a scroll of random uselessness
 u - a scroll of enchant weapon
Potions
 d - a potion of might
 i - a potion of magic {unknown}
 p - 2 potions of curing
 q - a potion of brilliance
Comestibles
 f - 4 rations


   Skills:
 + Level 4.9 Fighting
 + Level 3.7 Maces & Flails
 + Level 4.2 Armour
 + Level 1.0 Dodging
 + Level 0.3 Stealth
 + Level 5.2 Shields
 + Level 0.2 Invocations


You had 4 spell levels left.
You knew the following spells:

 Your Spells              Type           Power        Failure   Level  Hunger
a - Confusing Touch       Hex            #.....       86%         1    ##.....

Your spell library contained the following spells:

 Spells                   Type           Power        Failure   Level  Hunger
 Confuse                  Hex            #.......     99%         3    ####...
 Gell's Gravitas          Tloc           #.........   99%         3    ####...
 Petrify                  Tmut/Erth      #.......     100%        4    #####..
 Metabolic Englaciation   Hex/Ice        #.........   100%        5    ######.
 Yara's Violent Unravell  Hex/Tmut       #.........   100%        5    ######.


Dungeon Overview and Level Annotations

Branches:
Dungeon (4/15)
 Temple: D:4-7

Altars:
Makhleb
Okawaru
Sif Muna
Uskayaw
Xom
Yredelemnul

Annotations:
D:4 Menkaure


Innate Abilities, Weirdness & Mutations

You cannot be hasted, slowed, berserked, paralysed or teleported.
You can dig through walls and to a lower floor.
Your four strong arms can wield two-handed weapons with a shield.
You have a pair of large antennae on your head. (SInv)


Message History

Menkaure, Prince of Dust comes into view.
Menkaure mumbles some strange words.
Menkaure seems to speed up.
Throwing (i - inventory. (/) - cycle)
e - 2 tomahawks (quivered)
Press: ? - help, Shift-Dir - straight line, f - Menkaure
Aim: Menkaure (fast)
You throw a tomahawk. The tomahawk closely misses Menkaure.
Menkaure calls on the powers of darkness!
Your body is wracked with pain!
You barely miss Menkaure. You block Menkaure's attack.
Menkaure points at you and mumbles some strange words.
You struggle to resist.
Your shield and scale mail prevent you from hitting Menkaure.
Menkaure calls on the powers of darkness!
Your body is wracked with pain!
* * * LOW HITPOINT WARNING * * *
You barely miss Menkaure. Menkaure hits you but does no damage.
Menkaure barely misses you.
You completely miss Menkaure. Menkaure hits you!
You die...

.........##...#
......###....##
......#...##.#
..........##.# #########
...#......##.# #........
<###.........# #........
.###..##..#..###........
.##.....................
.............###@.......
##..#.###...## #M.......
....#. ###.# #........
###.# #.# #..(..(..
)...# #.#######.####
...###.# #...# .#
.......####.#..## #
...##.....#.##..#..
....##.##..........


You could see Menkaure.

Vanquished Creatures
  Duvessa (D:4)
  Dowan (D:4)
  A hound (D:4)
  A worker ant (D:4)
  A hound skeleton (D:4)
  4 adders
  2 oozes (D:3)
  2 worms
  A dart slug (D:2)
  2 leopard geckos
  2 orcs
  A giant cockroach (D:2)
  5 goblins
  3 hobgoblins
  4 jackals (D:2)
  7 kobolds
  A quokka (D:2)
  4 ball pythons
  4 bats
  4 frilled lizards
  A leopard gecko skeleton (D:4)
  7 rats
59 creatures vanquished.

Notes
Turn   | Place    | Note
-------+----------+-------------------------------------------
     0 | D:1      | Kairos the Formicid Fighter began the quest for the Orb.
     0 | D:1      | Reached XP level 1. HP: 18/18 MP: 1/1
    44 | D:1      | Reached XP level 2. HP: 23/24 MP: 2/2
   228 | D:1      | Reached skill level 4 in Shields
   804 | D:2      | Found a faded altar of an unknown god.
   822 | D:2      | Reached XP level 3. HP: 21/29 MP: 3/3
   832 | D:2      | Became a worshipper of Warmaster Okawaru
   832 | D:2      | Reached * piety under Okawaru
  1046 | D:2      | Found a shimmering altar of Xom.
  1048 | D:2      | Found a burning altar of Makhleb.
  1436 | D:2      | Reached XP level 4. HP: 37/37 MP: 4/4
  2055 | D:3      | Reached XP level 5. HP: 42/42 MP: 5/5
  2395 | D:4      | Found a deep blue altar of Sif Muna.
  2396 | D:4      | Found a hide-covered altar of Uskayaw.
  2397 | D:4      | Found a basalt altar of Yredelemnul.
  2417 | D:4      | Noticed Duvessa
  2417 | D:4      | Noticed Dowan
  2463 | D:4      | HP: 1/43 [Duvessa/+0 short sword of protection (7)]
  2475 | D:4      | Killed Duvessa
  2475 | D:4      | Reached skill level 1 in Dodging
  2475 | D:4      | Reached skill level 5 in Shields
  2475 | D:4      | Reached XP level 6. HP: 3/49 MP: 3/6
  2483 | D:4      | HP: 2/50 [Dowan/+0 dagger (3)]
  2493 | D:4      | Killed Dowan
  2493 | D:4      | Reached ** piety under Okawaru
  2845 | D:4      | Learned a level 1 spell: Confusing Touch
  2888 | D:4      | Noticed Menkaure
  2894 | D:4      | Slain by Menkaure

Skill      XL: |  1  2  3  4  5 |
---------------+----------------+-----
Shields        | 4 5 |  5.2
Fighting       | 4 |  4.9
Maces & Flails | 3 |  3.7
Armour         | 4 |  4.2
Dodging        | 1 |  1.0
Stealth        | |  0.3
Invocations    | |  0.2

Action                   |  1- 3 |  4- 6 || total
-------------------------+-------+-------++-------
Melee: Flail             |   119 |   113 ||   232
Throw: Stone             |     5 |       ||     5
       Tomahawk          |     4 |     3 ||     7
Invok: Heroism           |     1 |     1 ||     2
 Abil: Dig               |       |     1 ||     1
Evoke: Wand              |       |     7 ||     7
  Use: Scroll            |     1 |     6 ||     7
       Potion            |       |     3 ||     3
  Eat: Chunk             |     2 |     4 ||     6
Armor: Scale mail        |    65 |    68 ||   133
Dodge: Dodged            |    49 |    36 ||    85
Block: Shield            |    58 |    79 ||   137
